 Dungeon Crawl Stone Soup version 0.26.1-2-gb8aa6d0cf2 (webtiles) character file.

Game seed: 8999945567678700486

3089 DasRunzen the Ducker (level 9, -3/78 HPs)
             Began as a Demigod Gladiator on Feb 12, 2021.
             Succumbed to a water moccasin's poison
             ... on level 6 of the Dungeon.
             The game lasted 00:18:49 (10739 turns).

DasRunzen the Ducker (Demigod Gladiator)           Turns: 10739, Time: 00:18:50

Health: -3/78      AC:  6    Str: 17    XL:     9   Next: 33%
Magic:  3/21       EV: 16    Int: 24    God:
Gold:   495        SH:  0    Dex: 17    Spells: 19/19 levels left

rFire    . . .     SeeInvis .   v - +4 executioner's axe
rCold    . . .     Faith    .   (shield currently unavailable)
rNeg     . . .     Spirit   +   b - +0 leather armour
rPois    .         Reflect  .   c - +0 helmet
rElec    .         Harm     .   (no cloak)
rCorr    .         Rampage  .   f - +0 pair of gloves
Will     .....                  (no boots)
Stlth    +.........             s - amulet of guardian spirit
HPRegen  0.23/turn              q - +6 ring of intelligence
MPRegen  0.17/turn              (no ring)

@: mighty, lethally poisoned (-3 -> -32), berserk cooldown, slowed, very slow
A: high mp 1
a: no special abilities


You were on level 6 of the Dungeon.
You visited 1 branch of the dungeon, and saw 8 of its levels.

You collected 495 gold pieces.

Inventory:

Hand Weapons
 a - a +1 long sword
 v - a +4 executioner's axe (weapon)
 z - the +4 hand axe of Acol {chaos, rN++ Str+4 SInv}
   (You found it on level 7 of the Dungeon)

   Each time it hits an enemy it has a different, random effect.
   It affects your strength (+4).
   It greatly protects you from negative energy.
   It lets you see invisible.
Missiles
 d - 3 throwing nets (quivered)
Armour
 b - a +0 leather armour (worn)
 c - a +0 helmet (worn)
 f - a +0 pair of gloves (worn)
Jewellery
 m - an uncursed amulet of magic regeneration
 q - a +6 ring of intelligence (left hand)
 s - an amulet of guardian spirit (around neck)
Wands
 l - a wand of acid (13)
 p - a wand of digging (9)
 w - a wand of iceblast (9)
Scrolls
 n - 3 scrolls of remove curse
 r - 4 scrolls of teleportation
 u - 2 scrolls of amnesia
 y - 3 scrolls of enchant weapon
Potions
 g - a potion of haste
 h - 2 potions of resistance
 i - a potion of invisibility
 k - 3 potions of curing
 o - a potion of cancellation
 t - a potion of brilliance
 x - 2 potions of flight


   Skills:
 + Level 6.4 Fighting
 + Level 6.7 Long Blades
 + Level 1.5 Axes
 - Level 1.7 Throwing
 + Level 6.0 Armour
 + Level 6.8 Dodging
 + Level 5.5 Spellcasting


You had 19 spell levels left.
You didn't know any spells.
Your spell library was empty.

Dungeon Overview and Level Annotations

Branches:
Dungeon (8/15)             Temple (0/1) D:6
   Lair: D:8-11

Shops:
D:8 [

Annotations:
D:6 2 runed translucent doors
D:7 2 transporters


Innate Abilities, Weirdness & Mutations

You have an increased reservoir of magic. (+10% MP)


Message History

You feel very sick. The water moccasin barely misses you.
The water moccasin bites you.
You are more poisoned.
The water moccasin poisons you! The water moccasin bites you.
* * * LOW HITPOINT WARNING * * *
The water moccasin closely misses you.
You barely miss the water moccasin.
The water moccasin is severely wounded.
* * * LOW HITPOINT WARNING * * *
You feel very sick. The water moccasin bites you!
* * * LOW HITPOINT WARNING * * *
The water moccasin barely misses you. The water moccasin bites you!
* * * LOW HITPOINT WARNING * * *
You are more poisoned.
The water moccasin poisons you!
The water moccasin completely misses you.
You slice the water moccasin!!
You kill the water moccasin!
You die...

#.......#### ###....#######
).........)## #...###......#
.....##.##..###.### #......#
.....##.###.....#####......#
.....##.###.###............#
#...........###.####.......#
.......(..(...(.# #.......#
........(.>..#.#####.......#
.#..#...........@!S....#####
...#...........###S###...##
.............###.#.#.###..#
.###........##..B#S#B..##.# )#
#.####...#...BBB'BB.B#.######
.###.####...#....#!#B...#......#
...#.##[....#....#$#....#......#
##......###.#...#####...#......#
##..#####..##+##yyy##+##......#


You could see 2 soldier ants, a water moccasin, a worker ant and an adder.

Vanquished Creatures
  A hornet (D:8)
  A soldier ant (D:6)
  2 water moccasins (D:6)
  4 orc warriors
  An ice beast (D:5)
  A sky beast (D:8)
  A black bear (D:5)
  An ogre (D:4)
  3 centaurs
  2 phantoms
  3 bullfrogs
  A scorpion (D:8)
  2 howler monkeys (D:5)
  A centaur zombie (D:7)
  A jelly (D:8)
  4 hounds
  2 orc priests
  2 iguanas
  10 orc wizards
  3 worker ants
  3 hound zombies
  A worker ant zombie (D:6)
  9 adders
  2 shadow imps
  2 white imps
  An ufetubus (D:7)
  3 oozes
  An adder skeleton (D:8)
  3 worms
  7 dart slugs
  5 leopard geckos
  36 orcs
  2 ball pythons
  4 bats
  8 giant cockroaches
  15 goblins
  10 hobgoblins
  19 jackals
  6 frilled lizards
  A giant cockroach zombie (D:6)
  10 kobolds
  2 quokka skeletons (D:6)
  11 rats
207 creatures vanquished.

Vanquished Creatures (collateral kills)
  A phantom (D:8)
1 creature vanquished.

Vanquished Creatures (others)
  A plant (D:3)
1 creature vanquished.

Grand Total: 209 creatures vanquished

Notes
Turn   | Place    | Note
-------+----------+-------------------------------------------
     0 | D:1      | DasRunzen the Demigod Gladiator began the quest for the
                  | Orb.
     0 | D:1      | Reached XP level 1. HP: 17/17 MP: 3/3
   275 | D:1      | Reached XP level 2. HP: 24/24 MP: 4/4
   839 | D:1      | Reached XP level 3. HP: 29/29 MP: 6/6
  1121 | D:1      | Reached skill level 1 in Armour
  1217 | D:1      | Reached skill level 1 in Spellcasting
  1801 | D:2      | Found a burning altar of Makhleb.
  2777 | D:3      | Reached XP level 4. HP: 23/37 MP: 8/8
  3210 | D:3      | Reached skill level 5 in Fighting
  3210 | D:3      | Reached skill level 5 in Long Blades
  3210 | D:3      | Reached skill level 5 in Dodging
  3210 | D:3      | Reached XP level 5. HP: 48/48 MP: 8/14
  3330 | D:3      | Found a faded altar of an unknown god.
  3420 | D:3      | Found a shadowy altar of Dithmenos.
  3421 | D:3      | Found an opulent altar of Gozag.
  3422 | D:3      | Found a basalt altar of Yredelemnul.
  3746 | D:3      | Reached XP level 6. HP: 48/56 MP: 15/15
  4935 | D:4      | Reached skill level 5 in Armour
  5163 | D:4      | Reached XP level 7. HP: 61/61 MP: 17/17
  5956 | D:5      | Entered Level 5 of the Dungeon
  6035 | D:5      | Found a hide-covered altar of Uskayaw.
  6346 | D:5      | Found a sand-covered staircase.
  6921 | D:5      | Reached XP level 8. HP: 37/70 MP: 11/18
  7240 | D:5      | Reached skill level 5 in Spellcasting
  7308 | D:6      | HP: 3/70 [orc warrior/+3 flail (10)]
  8003 | D:6      | Found a runed translucent door.
  8048 | D:6      | Found a runed translucent gate.
  8053 | D:6      | Found a runed translucent gate.
  8053 | D:6      | Found a runed translucent gate.
  8060 | D:6      | Found a runed translucent door.
  8088 | D:6      | Found the +9 staff of Olgreb {rPois∞}
  8196 | D:6      | Found a staircase to the Ecumenical Temple.
  8215 | D:6      | Found a broken altar of Ashenzari.
  8444 | D:7      | Found a transporter.
  8453 | D:7      | Noticed a gargoyle
  8655 | D:7      | Found a transporter.
  8984 | D:7      | Got an ancient hand axe
  8985 | D:7      | Identified the +4 hand axe of Acol {chaos, rN++ Str+4 SInv}
                  | (You found it on level 7 of the Dungeon)
  9028 | D:7      | Found a white marble altar of Elyvilon.
  9607 | D:8      | Found Nehuggas's Antique Armour Boutique.
  9815 | D:7      | Reached XP level 9. HP: 46/75 MP: 14/20
 10029 | D:8      | Reached skill level 1 in Axes
 10358 | D:8      | Paralysed by a hornet for 2 turns
 10570 | D:8      | Found an iron altar of Okawaru.
 10739 | D:6      | Succumbed to a water moccasin's poison

Illustrated notes

Levels and vault maps discovered:
D:1:      dpeg_arrival_ternary, layout_loops_corners, minmay_pentomino_r4
D:2:      layout_basic, bloody_makhleb
D:3:      layout_loops_cross, gammafunk_temple_overflow_forgotten,
          chequers_ecumenical_altar_island
D:4:      layout_loops_corners
D:5:      layout_loops_ring, kennysheep_mini, nicolae_ossuary_entry_ruins
D:6:      layout_rooms, ashenzari_altar_1, minmay_temple_entry_enclosed_plants,
          minmay_guarded_unrand_staff_of_olgreb
D:7:      gammafunk_the_bubble [the_bubble_gammafunk_plus_minus], layout_basic,
          elyvilon_altar_3
D:8:      layout_rooms, serial_shops, shop, minivault_24,
          kennysheep_okawaru_gauntlet

Skill      XL: |  1  2  3  4  5  6  7  8  9 |
---------------+----------------------------+-----
Fighting       | 2 5 6 |  6.4
Dodging        | 3 5 6 |  6.8
Long Blades    | 3 5 6 |  6.7
Armour         | 1 4 5 6 |  6.0
Spellcasting   | 1 4 5 |  5.5
Axes           | 1 |  1.5
Throwing       | |  1.7

Action                   |  1- 3 |  4- 6 |  7- 9 || total
-------------------------+-------+-------+-------++-------
Melee: Long sword        |   155 |   198 |   261 ||   614
       Hand axe          |       |       |   110 ||   110
       Unarmed           |       |       |    11 ||    11
       Executioner's axe |       |       |    31 ||    31
       Glaive            |       |       |     6 ||     6
Evoke: Wand              |       |       |     1 ||     1
  Use: Scroll            |     6 |     5 |     8 ||    19
       Potion            |       |     1 |     5 ||     6
 Stab: Sleeping          |     3 |     2 |     2 ||     7
Armor: Leather armour    |    45 |    38 |    96 ||   179
Dodge: Dodged            |   117 |   142 |   342 ||   601
       Rpst.: Long sword |    37 |    42 |    68 ||   147
